 Dungeon Crawl Stone Soup version 0.29-a0-184-g2ef5e920f0 (console) character file.

Game seed: 4737753998361937647

165 CannotBeFrozen the Ruffian (level 5, -1/40 HPs)
             Began as a Demigod Transmuter on Feb 21, 2022.
             Slain by a scorpion (7 damage)
             ... on level 3 of the Dungeon.
             The game lasted 00:10:04 (4331 turns).

CannotBeFrozen the Ruffian (Demigod Transmuter)     Turns: 4331, Time: 00:10:05

Health: -1/40      AC:  4    Str: 15    XL:     5   Next: 1%
Magic:  10/10      EV: 12    Int: 15    God:
Gold:   185        SH:  0    Dex: 14    Spells: 5/8 levels left

rFire   . . .      SeeInvis .     - Unarmed
rCold   . . .      Faith    .   (no shield)
rNeg    . . .      Spirit   .   a - +0 robe
rPois   +          Reflect  .   g - +0 helmet
rElec   .          Harm     .   (no cloak)
rCorr   .          Rampage  .   (no gloves)
Will    .....                   l - +0 pair of boots
Stlth   +.........              (no amulet)
HPRegen 0.13/turn               j - ring of poison resistance
MPRegen 0.12/turn               k - ring of flight

@: flying
A: high MP 1, forlorn, divine attributes
a: no special abilities


You were on level 3 of the Dungeon.
You visited 1 branch of the dungeon, and saw 4 of its levels.

You collected 185 gold pieces.

Inventory:

Missiles
 f - 73 stones (quivered)
Armour
 a - a +0 robe (worn)
 g - a +0 helmet (worn)
 l - a +0 pair of boots (worn)
Jewellery
 j - a ring of poison resistance (left hand)
 k - a ring of flight (right hand)
Scrolls
 b - a scroll of amnesia {unknown}
 c - a scroll of identify {unknown}
Potions
 d - 3 potions of curing {unknown}
 e - a potion of attraction {unknown}
 h - a potion of mutation {unknown}
 i - a potion of heal wounds {unknown}
 n - a potion of might {unknown}
 o - a potion of berserk rage {unknown}


   Skills:
 - Level 1.0 Fighting
 - Level 1.7 Dodging
 + Level 5.2 Unarmed Combat
 - Level 2.0 Spellcasting
 - Level 2.0 Transmutations


You had 5 spell levels left.
You knew the following spells:

 Your Spells              Type           Power      Damage    Failure   Level
a - Beastly Appendage     Tmut           14%        N/A       10%         1
w - Wereblood             Tmut           7%         N/A       14%         2

Your spell library contained the following spells:

 Spells                   Type           Power      Damage    Failure   Level
 Corpse Rot               Necr/Air       2%         N/A       32%         2
 Poisonous Vapours        Pois/Air       2%         N/A       32%         2
 Spider Form              Tmut/Pois      4%         N/A       41%         3
 Ice Form                 Ice/Tmut       4%         N/A       82%         4


Dungeon Overview and Level Annotations

Branches:
Dungeon (4/15)
 Temple: D:4-7

Annotations:
D:3 2 transporters, Murumi's ghost, amateur MiFi


Innate Abilities, Weirdness & Mutations

You have an increased reservoir of magic. (+10% MP)
You shall have no god before yourself.
Your divine heritage dramatically boosts your attributes as you level up.


Message History

The scorpion stings you!
* * * LOW HITPOINT WARNING * * *
The hobgoblin hits you.
* * * LOW HITPOINT WARNING * * *
You fly upwards.
Level annotation: 2 transporters, Murumi's ghost, amateur MiFi Your transformation is almost over.
There is a stone staircase leading down here.
HP: 14/40 (-14) ====-------- !!!
The hobgoblin misses you. The hobgoblin hits you.
* * * LOW HITPOINT WARNING * * *
The scorpion barely misses you.
You are too injured to fight recklessly!
You are too injured to fight recklessly!
You are too injured to fight recklessly!
You hit the scorpion but do no damage. The scorpion closely misses you.
You barely miss the scorpion. Your kick misses the scorpion.
Your headbutt misses the scorpion. The scorpion barely misses you.
You closely miss the scorpion. Your headbutt misses the scorpion.
The scorpion completely misses you.
You hit the scorpion but do no damage. Your kick misses the scorpion.
The scorpion completely misses you.
You hit the scorpion.
The scorpion is moderately wounded.
The scorpion stings you!
* * * LOW HITPOINT WARNING * * *
HP: 5/40 (-8) =----------- !!
You barely miss the scorpion.
You headbutt the scorpion, but do no damage.
The scorpion is moderately wounded.
The scorpion barely misses you.
You hit the scorpion but do no damage. Your kick misses the scorpion.
You headbutt the scorpion, but do no damage.
The scorpion is moderately wounded.
Your horns disappear.
Your talons disappear.
Your +0 helmet unmelds from your body.
Your +0 pair of boots unmelds from your body.
The scorpion stings you!
You die...

.....##....#.# ###.#..........
.#....##.....# ###...#######..
...#..5#.....# ####.....# ##..
#.##..##.#...#####.......## #...
#...#.#©.....##....#......######.#.
#... .##.........>...####...##...##
=.©# #.#.....##g...# ###....####
.#.. #...<...##s#### ###...### #
....#.##...#.....@# #...#..#####
#.#.$.#..#.#...#### ###.####.....#
#.#...#.##.#.....#####...# ###....
.....©#.##...#.#.......### #.....
#...###.##.#.#.......### #.....
#####...#....#..####.# #.....
......###...#...# #.#########.....
....### #..#...#####...............
.....####>...#.##....####.###......


You could see a scorpion and a hobgoblin.

Vanquished Creatures
  A hound (D:2)
  4 adders
  A gnoll (D:1)
  3 adder skeletons (D:4)
  2 dart slugs (D:1)
  An orc (D:4)
  7 ball pythons
  6 endoplasms
  2 giant cockroaches (D:2)
  4 goblins
  5 hobgoblins
  10 jackals
  4 kobolds
  5 quokkas
  4 bats
  6 frilled lizards
  9 rats
74 creatures vanquished.

Notes
Turn   | Place    | Note
-------+----------+-------------------------------------------
     0 | D:1      | CannotBeFrozen the Demigod Transmuter began the quest for
                  | the Orb.
     0 | D:1      | Reached XP level 1. HP: 15/15 MP: 5/5
    83 | D:1      | Reached skill level 1 in Fighting
    97 | D:1      | Reached skill level 3 in Unarmed Combat
   225 | D:1      | Reached XP level 2. HP: 23/23 MP: 7/7
   228 | D:1      | Learned a level 2 spell: Wereblood
   984 | D:1      | Reached XP level 3. HP: 18/28 MP: 8/8
  1126 | D:1      | You fall into a shaft and drop 1 floor!
  1383 | D:1      | Reached skill level 4 in Unarmed Combat
  1823 | D:2      | Reached XP level 4. HP: 34/35 MP: 6/9
  3194 | D:3      | Noticed Murumi's ghost (amateur MiFi)
  3205 | D:3      | Found a transporter.
  3222 | D:3      | Found a transporter.
  3336 | D:3      | Reached skill level 5 in Unarmed Combat
  4209 | D:4      | Reached XP level 5. HP: 32/40 MP: 10/10
  4331 | D:3      | Slain by a scorpion

Illustrated notes

Levels and vault maps discovered:
D:1:      dpeg_arrival_tiny_i, layout_basic, shapermc_ecumenical_altar_petra
D:2:      layout_basic, basic_altar
D:3:      layout_rooms, nicolae_overflow_crystal_walls,
          gammafunk_ghost_stat_death
D:4:      layout_rooms, lemuel_tele_altar

Skill      XL: |  1  2  3  4 |
---------------+-------------+-----
Transmutations | 2 |  2.0
Fighting       | 1 |  1.0
Unarmed Combat | 3 4 5 |  5.2
Spellcasting   | 2 |  2.0
Dodging        | |  1.7

Action                   |  1- 3 |  4- 6 || total
-------------------------+-------+-------++-------
Melee: Unarmed           |    82 |   103 ||   185
       Kick              |    18 |    10 ||    28
       Headbutt          |    10 |    13 ||    23
       Punch             |     3 |     2 ||     5
 Cast: Beastly Appendage |    22 |    29 ||    51
  Use: Scroll            |       |     4 ||     4
 Stab: Sleeping          |     1 |       ||     1
Armor: Robe              |    10 |    26 ||    36
Dodge: Dodged            |    43 |    70 ||   113

Table legend: (Time is in decaauts)
 A = Elapsed time spent in this place.
 B = Non-inter-level travel time spent in this place.
 C = Inter-level travel time spent in this place.
 D = Time resting spent in this place.
 E = Time spent auto-exploring this place.
 F = Levels seen in this place.
 G = Mean time per level.
                   A        B        C        D        E       F      G
               +--------+--------+--------+--------+--------+-----+--------+
         Total |   4321 |   4173 |    148 |   1584 |   1751 |   4 | 1080.2 |
       Dungeon |   4321 |   4173 |    148 |   1584 |   1751 |   4 | 1080.2 |
               +--------+--------+--------+--------+--------+-----+--------+

Top non-repeatable levels by time:
     D:2: 1566 daAuts
     D:1: 1552 daAuts
     D:3: 1001 daAuts
     D:4: 202 daAuts
